 Dungeon Crawl Stone Soup version 0.26.1-11-gd32895ea62 (webtiles) character file.

Game seed: 3021354608202813713

58 Ankh the Shield-Bearer (level 3, -3/33 HPs)
             Began as a Minotaur Fighter on Apr 13, 2021.
             Slain by Sigmund
             ... wielding a +0 scythe
              (10 damage)
             ... on level 2 of the Dungeon.
             The game lasted 00:08:36 (1721 turns).

Ankh the Shield-Bearer (Minotaur Fighter)           Turns: 1721, Time: 00:08:37

Health: -3/33      AC:  7    Str: 20    XL:     3   Next: 75%
Magic:  2/2        EV:  7    Int:  5    God:
Gold:   105        SH:  9    Dex: 10    Spells: 2/2 levels left

rFire    . . .     SeeInvis .   a - +0 war axe
rCold    . . .     Faith    .   c - +0 kite shield
rNeg     . . .     Spirit   .   b - +0 scale mail
rPois    .         Reflect  .   (helmet restricted)
rElec    .         Harm     .   (no cloak)
rCorr    .         Rampage  .   (no gloves)
Will     .....                  (no boots)
Stlth    ..........             (no amulet)
HPRegen  0.11/turn              (no ring)
MPRegen  0.08/turn              (no ring)

@: mighty
A: retaliatory headbutt, horns 2
a: no special abilities


You were on level 2 of the Dungeon.
You visited 1 branch of the dungeon, and saw 2 of its levels.

You collected 105 gold pieces.

Inventory:

Hand Weapons
 a - a +0 war axe (weapon)
Armour
 b - a +0 scale mail (worn)
 c - a +0 kite shield (worn)
Jewellery
 f - an uncursed amulet of the acrobat {unknown}
 h - an uncursed amulet of magic regeneration {unknown}
 n - a cursed ring of teleportation {unknown}
Scrolls
 e - 2 scrolls of identify {unknown}
 i - a scroll of noise {unknown}
 k - a scroll of teleportation {unknown}
 l - a scroll of remove curse {unknown}
Potions
 g - a potion of berserk rage {unknown}
 j - a potion of mutation {unknown}
 m - a potion of attraction {unknown}
 o - a potion of invisibility {unknown}


   Skills:
 + Level 4.1 Fighting
 + Level 3.5 Axes
 + Level 4.1 Armour
 + Level 0.1 Stealth
 + Level 4.2 Shields


You had 2 spell levels left.
You didn't know any spells.
Your spell library was empty.

Dungeon Overview and Level Annotations

Branches:
Dungeon (2/15)

Altars:

Annotations:
D:2 Sigmund


Innate Abilities, Weirdness & Mutations

You reflexively headbutt those who attack you in melee.
You have a pair of horns on your head.


Message History

You hit Sigmund but do no damage. You block Sigmund's attack.
You slash Sigmund! You headbutt Sigmund!
Sigmund is heavily wounded.
You slash Sigmund! Your headbutt misses Sigmund.
Sigmund is almost dead.
Sigmund hits you with a +0 scythe.
You hit Sigmund.
Sigmund is almost dead.
Sigmund casts a spell at himself.
Sigmund flickers and vanishes!
Deactivating autopickup; reactivate with Ctrl-A.
Something hits you. Something hits you. Something hits you. Something hits you.
You barely miss something. Your headbutt misses something. Something hits you!
* * * LOW HITPOINT WARNING * * *
You feel very mighty all of a sudden. Something hits you!
You die...

.........
....... .....
... #'# #.#
#.# #####.###
#..@{...#
#.#.....#####
#.##.........
#. #..#.#####
.##.##..#.#
..........#
#######.###
######## #.#
#####......#
#.#
##########


There were no monsters in sight!

Vanquished Creatures
  An adder (D:2)
  2 oozes (D:1)
  A dart slug (D:2)
  3 bats
  A giant cockroach (D:1)
  7 goblins (D:2)
  6 hobgoblins
  7 kobolds (D:1)
  2 ball pythons (D:1)
  2 frilled lizards
  5 rats
37 creatures vanquished.

Notes
Turn   | Place    | Note
-------+----------+-------------------------------------------
     0 | D:1      | Ankh the Minotaur Fighter began the quest for the Orb.
     0 | D:1      | Reached XP level 1. HP: 19/19 MP: 0/0
   210 | D:1      | Reached XP level 2. HP: 24/27 MP: 1/1
  1276 | D:2      | Reached XP level 3. HP: 32/33 MP: 2/2
  1702 | D:2      | Noticed Sigmund
  1721 | D:2      | Slain by Sigmund

Illustrated notes

Levels and vault maps discovered:
D:1:      matt_arrival_spirals, layout_loops_corners, minmay_misc_feat_alley,
          st_stairs_5, minmay_split_cup_large
D:2:      cheibrodos_greedy_goblins, layout_loops_corners,
          general_overflow_altar, uniq_sigmund

Skill      XL: |  1  2  3 |
---------------+----------+-----
Fighting       | 4 |  4.1
Shields        | 4 |  4.2
Axes           | 3 |  3.5
Armour         | 4 |  4.1
Stealth        | |  0.1

Action                   || total
-------------------------++-------
Melee: War axe           ||    83
       Headbutt          ||     8
  Use: Potion            ||     1
Armor: Scale mail        ||    36
Dodge: Dodged            ||    16
Block: Kite shield       ||    51
